AoeStats
← FK I'm Dead

Lombardia

509859540Analyzed
2v2 RM · 4d ago on Sep 28, 2026· 21m 47s· 4 players
Game mode
Random Map
Map size
Medium (4 player)
Population
200
Speed
Normal
Resources
Standard
Victory
Conquest
Starting age
Dark Age
Ending age
Imperial Age
RankedLock teamsTeams togetherTeam positionsShared explorationLock speedFull tech treeHidden civsTurbo modeCheats
Victory
Defeat
🇩🇪 Magyars · Germany
1041
+14
🇩🇪 Franks · Germany
1018
+16
🇦🇷 Portuguese · Argentina
1013
-15
🇨🇦 Jurchens · Canada
1000
-45
FK I'm Dead
2:57 Loom
12:24 Feudal Age
12:47 Horse Collar
13:00 Double-Bit Axe
14:17 Wheelbarrow
19:16 Town Watch
Producto.Machete
10:52 Feudal Age
dasUebliche
13:15 Feudal Age
14:11 Double-Bit Axe
14:10 Horse Collar
16:57 Bloodlines
20:42 Castle Age
21:52 Husbandry
oegel
9:57 Loom
11:42 Feudal Age
17:02 Castle Age
16:03 Gold Mining
16:20 Double-Bit Axe
16:39 Scale Mail Armor
17:52 Forging
18:53 Scale Barding Armor
20:58 Husbandry
Connection lost

Rejoining the realm…

Still unreachable

The connection could not be restored.

Session expired

The server has moved on; the page needs a fresh start.